 Dungeon Crawl Stone Soup version 0.19.1 (webtiles) character file.

379 empire the Ducker (level 6, -2/48 HPs)
             Began as a Draconian Warper on Dec 14, 2016.
             Slain by an orc priest
             ... wielding a +1 flail of holy wrath
              (4 damage)
             ... on level 4 of the Dungeon.
             The game lasted 00:09:43 (3788 turns).

empire the Ducker (Draconian Warper)                Turns: 3788, Time: 00:09:44

Health: -2/48      AC:  7    Str: 14    XL:     6   Next: 45%
Magic:  2/9        EV: 13    Int: 14    God:
Gold:   101        SH:  0    Dex: 11    Spells: 3 memorised, 3 levels left

rFire  . . .     SeeInvis .     a - +0 falchion
rCold  . . .     Gourm    .     (armour unavailable)
rNeg   . . .     Faith    .     (no shield)
rPois  .         Spirit   .     (helmet restricted)
rElec  .         Reflect  .     u - +0 cloak
rCorr  .         Harm     .     (no gloves)
MR     .....                    (no boots)
Stlth  +.........               (no amulet)
                                (no ring)
                                (no ring)

@: very slightly contaminated
A: unfitting armour, cold-blooded, AC +6
a: no special abilities


You were on level 4 of the Dungeon.
You were hungry.

You visited 1 branch of the dungeon, and saw 4 of its levels.

You collected 101 gold pieces.

Inventory:

Hand Weapons
 a - a +0 falchion (weapon)
 e - a +1 dagger of venom
 x - a +0 dagger of holy wrath
Missiles
 p - 20 bolts
 E - 9 arrows
Armour
 u - a +0 cloak (worn)
Jewellery
 l - an uncursed ring of ice {unknown}
Wands
 B - a wand of polymorph (21/24)
Scrolls
 c - a scroll of blinking
 h - 4 scrolls of remove curse {unknown}
 j - a scroll of teleportation {unknown}
 m - 2 scrolls of identify {unknown}
 q - 2 scrolls of amnesia {unknown}
 t - a scroll of fear {unknown}
 y - a scroll of magic mapping {unknown}
 z - a scroll of fog {unknown}
Potions
 g - a potion of magic {unknown}
 i - 2 potions of heal wounds {unknown}
 k - a potion of flight {unknown}
 n - a potion of resistance {unknown}
 s - a potion of degeneration {unknown}
 w - 2 potions of curing
 A - a potion of agility {unknown}
Books
 b - a book of Spatial Translocations

   Spells                             Type                      Level
   a - Blink                          Translocation                2
   b - Shroud of Golubria             Charms/Translocation         2
   c - Lesser Beckoning               Translocation                3
   d - Portal Projectile              Translocation                3
   e - Teleport Other                 Translocation                3
   f - Passage of Golubria            Translocation                4
 v - a book of Misfortune

   Spells                             Type                      Level
   a - Confusing Touch                Hexes                        1
   b - Confuse                        Hexes                        3
   c - Gell's Gravitas                Hexes/Translocation          3
   d - Petrify                        Transmutation/Earth          4
   e - Metabolic Englaciation         Hexes/Ice                    5
   f - Yara's Violent Unravelling     Hexes/Transmutation          5
Comestibles
 f - 4 bread rations
 o - 3 meat rations
 r - a royal jelly
 C - a slice of pizza
 D - 6 chunks of flesh


   Skills:
 - Level 2.1 Fighting
 + Level 3.9 Long Blades
 - Level 0.8 Throwing
 - Level 4.0 Dodging
 - Level 2.5 Spellcasting
 + Level 2.7 Charms
 + Level 3.5 Translocations


You had 3 spell levels left.
You knew the following spells:

 Your Spells              Type           Power        Failure   Level  Hunger
a - Blink                 Tloc           N/A          10%         2    ###....
b - Shroud of Golubria    Chrm/Tloc      ##........   12%         2    ###....
c - Teleport Other        Tloc           ##......     17%         3    ###....


Dungeon Overview and Level Annotations

Branches:
Dungeon (4/15)             Temple (0/1) D:4

Altars:
Fedhas
Okawaru
Qazlal
Ru


Innate Abilities, Weirdness & Mutations

Your plain brown scales are hard. (AC +6)
You cannot fit into any form of body armour.
You are cold-blooded and may be slowed by cold attacks.


Message History

Your shroud falls apart!
Okay, then.
Casting: Shroud of Golubria
Confirm with . or Enter, or press ? or * to list all spells.
You blink.
The orc priest mumbles some strange prayers to Beogh against you.
Beogh smites you!
* * * LOW HITPOINT WARNING * * *
Okay, then.
Casting: Blink
Confirm with . or Enter, or press ? or * to list all spells.
You miscast Blink.
You are very lightly contaminated with residual magic.
You feel a wrenching sensation.
The orc wizard hits you but does no damage.
Casting: Blink
Confirm with . or Enter, or press ? or * to list all spells.
You blink.
The orc priest hits you with a flail of holy wrath.
You die...

###.....#...#..## # ###......
#...#...# # #.......###...###.#
#### #......#...8.....# ##.#.
#......##.....#### #....
#......##...## ##....
#......###.### #.....
##..).####.#.#### #..... .
##....o@o.o§....###.....
....####......###..##.........#
......)...##### ##.####.......#
......##### #..# ###.....#
..... #.## ###...# #... ###
###÷# ### #.. ##.. ##...


You could see an orc priest, an orc wizard and an orc.

Vanquished Creatures
  A howler monkey (D:4)
  A hound (D:4)
  An orc wizard (D:3)
  An iguana (D:4)
  Natasha (D:3)
  A worker ant (D:4)
  3 gnolls
  8 adders
  3 worms
  2 dart slugs (D:3)
  4 leopard geckos
  8 orcs
  2 ball pythons (D:2)
  3 giant cockroaches
  9 goblins
  5 hobgoblins
  9 kobolds
  A quokka (D:2)
  7 bats
  2 frilled lizards (D:1)
  10 rats
  A fungus (D:2)
83 creatures vanquished.

Vanquished Creatures (others)
  An orc wizard (D:4)
1 creature vanquished.

Grand Total: 84 creatures vanquished

Notes
Turn   | Place    | Note
-------+----------+-------------------------------------------
     0 | D:1      | empire the Draconian Warper began the quest for the Orb.
     0 | D:1      | Reached XP level 1. HP: 17/17 MP: 3/3
   127 | D:1      | Reached XP level 2. HP: 13/24 MP: 5/5
   552 | D:1      | Reached XP level 3. HP: 14/29 MP: 6/6
   717 | D:1      | Learned a level 2 spell: Blink
   720 | D:1      | Learned a level 2 spell: Shroud of Golubria
   724 | D:1      | Learned a level 3 spell: Teleport Other
   908 | D:2      | Found a sacrificial altar of Ru.
  1359 | D:2      | Found a stormy altar of Qazlal.
  1365 | D:2      | Found a blossoming altar of Fedhas.
  1641 | D:2      | Reached skill level 1 in Charms
  1701 | D:2      | Reached XP level 4. HP: 35/36 MP: 7/7
  1949 | D:3      | Reached skill level 3 in Dodging
  2678 | D:3      | Noticed Natasha
  2690 | D:3      | Killed Natasha
  2690 | D:3      | Reached XP level 5. HP: 37/41 MP: 5/8
  3282 | D:4      | Found an iron altar of Okawaru.
  3299 | D:4      | Reached XP level 6. HP: 34/48 MP: 7/9
  3679 | D:4      | Found a staircase to the Ecumenical Temple.
  3746 | D:4      | Reached skill level 4 in Dodging
  3782 | D:4      | HP: 1/48 [orc priest/divine providence (15)]
  3788 | D:4      | Slain by an orc priest

Skill      XL: |  1  2  3  4  5  6 |
---------------+-------------------+-----
Charms         | 1 2 |  2.7
Long Blades    | 3 |  3.9
Dodging        | 3 4 |  4.0
Fighting       | |  2.1
Throwing       | |  0.8
Spellcasting   | |  2.5
Translocations | |  3.5

Action                   |  1- 3 |  4- 6 || total
-------------------------+-------+-------++-------
Melee: Falchion          |   131 |   203 ||   334
       Tailslap          |    11 |    31 ||    42
Throw: Tomahawk          |       |     5 ||     5
 Cast: Shroud of Golubri |       |    11 ||    11
       Blink             |       |     2 ||     2
  Use: Potion            |     1 |       ||     1
  Eat: Chunk             |     3 |     7 ||    10
Armor: Skin              |    51 |    44 ||    95
Dodge: Dodged            |   103 |   159 ||   262
       Rpst.: Falchion   |    40 |    44 ||    84
